 Dungeon Crawl Stone Soup version 0.22-a0-776-ge6d7efa (webtiles) character file.

189 Amnesiac the Digger (level 5, -10/35 HPs)
             Began as a Demonspawn Earth Elementalist on July 18, 2018.
             Killed by divine providence
             ... invoked by an orc priest
              (13 damage)
             ... on level 5 of the Dungeon.
             The game lasted 00:06:07 (1895 turns).

Amnesiac the Digger (Demonspawn Earth Elementalist) Turns: 1895, Time: 00:06:08

Health: -10/35     AC:  5    Str:  8 (9)  XL:     5   Next: 40%
Magic:  0/9        EV: 12    Int: 20 (22) God:
Gold:   166        SH:  0    Dex: 10 (13) Spells: 2/9 levels left

rFire    . . .     SeeInvis .   h - +0 dagger
rCold    . . .     Gourm    .   (no shield)
rNeg     . . .     Faith    .   g - +0 robe (curse)
rPois    .         Spirit   .   (helmet restricted)
rElec    .         Reflect  .   c - +0 cloak
rCorr    +         Harm     .   (no gloves)
MR       .....                  (no boots)
Stlth    ++........             (no amulet)
HPRegen  0.11/turn              f - ring of resist corrosion
MPRegen  0.11/turn              (no ring)

@: brilliant
A: antennae 1, slimy green scales 1, powered by death 1
a: no special abilities


You were on level 5 of the Dungeon.
You were not hungry.

You visited 1 branch of the dungeon, and saw 5 of its levels.
You also visited: Sewer.

You collected 166 gold pieces.

Inventory:

Hand Weapons
 h - a +0 dagger (weapon)
Missiles
 b - 62 stones (quivered)
Armour
 c - a +0 cloak (worn)
 g - a cursed +0 robe (worn)
Jewellery
 f - a ring of resist corrosion (left hand)
Scrolls
 k - a scroll of fear {!r}
 l - 4 scrolls of teleportation {!r}
 m - a scroll of fog {!r}
 p - 3 scrolls of identify {!r}
Potions
 e - 2 potions of flight {!q}
 i - 2 potions of invisibility {!q}
 n - a potion of degeneration {!q}
 o - a potion of curing {!q, unknown}
Comestibles
 a - 3 chunks of flesh
 d - 3 rations


   Skills:
 + Level 1.7 Short Blades
 - Level 2.4 Dodging
 - Level 2.0 Stealth
 + Level 2.9 Spellcasting
 - Level 1.0 Transmutations
 * Level 4.2 Earth Magic


You had 2 spell levels left.
You knew the following spells:

 Your Spells              Type           Power        Failure   Level  Hunger
a - Sandblast             Erth           ####..       1%          1    None
b - Passwall              Tmut/Erth      ####....     1%          2    ##.....
e - Petrify               Tmut/Erth      ####....     5%          4    ####...

Your spell library contained the following spells:

 Spells                   Type           Power        Failure   Level  Hunger
 Stone Arrow              Conj/Erth      ###...       2%          3    ###....
 Lee's Rapid Deconstruct  Erth           ####......   8%          5    ######.


Dungeon Overview and Level Annotations

Branches:
Dungeon (5/15)
 Temple: D:4-7

Altars:
Nemelex Xobeh


Innate Abilities, Weirdness & Mutations

You have a pair of small antennae on your head.
You are partially covered in slimy green scales. (AC +2)
You regenerate a little health from kills.


Message History

Press: ? - help, Shift-Dir - straight line, f/p - orc priest
Aim: an orc priest, wielding a war axe and wearing a ring mail (moderately wounded, unusually strong)
The blast of sand hits the orc priest.
The orc priest is heavily wounded.
b - 65 stones The orc priest looks satisfied for a moment.
Casting: Sandblast (safe; 3% risk of failure)
Confirm with . or Enter, or press ? or * to list all spells.
Aiming: Sandblast (safe; 3% risk of failure)
Press: ? - help, Shift-Dir - straight line, f/p - orc priest
Aim: an orc priest, wielding a war axe and wearing a ring mail (heavily wounded, unusually strong)
The blast of sand hits the orc priest.
The orc priest is severely wounded.
b - 64 stones The orc priest hits you with a war axe!
Casting: Sandblast (safe; 3% risk of failure)
Confirm with . or Enter, or press ? or * to list all spells.
Aiming: Sandblast (safe; 3% risk of failure)
Press: ? - help, Shift-Dir - straight line, f/p - orc priest
Aim: an orc priest, wielding a war axe and wearing a ring mail (severely wounded, unusually strong)
The blast of sand misses the orc priest.
b - 63 stones The orc priest misses you.
Casting: Sandblast (safe; 3% risk of failure)
Confirm with . or Enter, or press ? or * to list all spells.
You don't have enough magic to cast that spell.
Casting: Sandblast (safe; 3% risk of failure)
Confirm with . or Enter, or press ? or * to list all spells.
You don't have enough magic to cast that spell.
Casting: Sandblast (safe; 3% risk of failure)
Confirm with . or Enter, or press ? or * to list all spells.
You don't have enough magic to cast that spell.
The orc wizard mumbles some strange words.
The orc wizard blinks!
There is a stone staircase leading down here.
Casting: Sandblast (safe; 3% risk of failure)
Confirm with . or Enter, or press ? or * to list all spells.
Aiming: Sandblast (safe; 3% risk of failure)
Press: ? - help, Shift-Dir - straight line, f/p - orc priest
Aim: an orc priest, wielding a war axe and wearing a ring mail (severely wounded, unusually strong)
The blast of sand hits the orc priest.
The orc priest is severely wounded.
b - 62 stones The orc priest shouts!
The orc priest hits you with a war axe!
* * * LOW HITPOINT WARNING * * *
You climb downwards.
A scorpion and an orc come into view.
The orc shouts!
You hear a shout! x2
Found 2 ruby potions and a ration.
Found a stone staircase leading down.
There is a stone staircase leading up here.
Really quaff
j - a sedimented ruby potion {!q}?
It was a potion of brilliance {!q}.
You feel clever all of a sudden. The orc priest hits you with a war axe!
* * * LOW HITPOINT WARNING * * *
Some of the chunks of flesh in your inventory have rotted away.
Really quaff
n - 2 green potions {!q}?
It was a potion of degeneration {!q}.
There was something very wrong with that liquid.
You feel weakened.
You feel dopey.
You feel clumsy.
The orc priest invokes the aid of Beogh against you.
Beogh smites you!
You die...

. #######
..
#.....##.o%
#..........
#..........
#...o..!...
#..@..#
#.....#
#......#
#.....s#
#......#
#......#
#......#
#...####


You could see a scorpion, an orc priest and an orc.

Vanquished Creatures
  An orc priest (D:4)
  An orc wizard (D:4)
  3 adders
  A river rat (D:3)
  5 oozes
  6 worms
  6 leopard geckos
  3 orcs (D:4)
  2 ball pythons
  8 bats
  5 giant cockroaches
  A goblin (D:2)
  2 hobgoblins
  4 jackals (Sewer)
  A kobold (D:3)
  A quokka (D:2)
  3 frilled lizards
  A rat (D:3)
54 creatures vanquished.

Notes
Turn   | Place    | Note
-------+----------+-------------------------------------------
     0 | D:1      | Amnesiac the Demonspawn Earth Elementalist began the quest for the Orb.
     0 | D:1      | Reached XP level 1. HP: 13/13 MP: 3/3
   143 | D:2      | Gained mutation: You are partially covered in slimy green scales. (AC +2) [demonic ancestry]
   143 | D:2      | Reached XP level 2. HP: 19/19 MP: 1/5
   208 | D:2      | Learned a level 2 spell: Passwall
   216 | D:2      | Reached skill level 3 in Earth Magic
   493 | D:3      | Gained mutation: You regenerate a little health from kills. [demonic ancestry]
   493 | D:3      | Reached XP level 3. HP: 18/24 MP: 0/6
   808 | D:3      | Found a glowing drain.
   828 | D:3      | Reached skill level 1 in Short Blades
   903 | Sewer    | Entered a sewer
   910 | Sewer    | Gained mutation: You have a pair of small antennae on your head. [demonic ancestry]
   910 | Sewer    | Reached XP level 4. HP: 26/30 MP: 2/7
  1617 | D:4      | Found a sparkling altar of Nemelex Xobeh.
  1676 | D:4      | Learned a level 4 spell: Petrify
  1760 | D:4      | Reached skill level 1 in Transmutations
  1760 | D:4      | Reached skill level 4 in Earth Magic
  1760 | D:4      | Reached XP level 5. HP: 35/35 MP: 5/9
  1893 | D:5      | Entered Level 5 of the Dungeon
  1895 | D:5      | Killed from afar by an orc priest

Vault maps used:
D:1:      dpeg_arrival_snail
D:2:      overflow_temple_1_default
D:3:      nicolae_dithmenos_through_a_glass_darkly, portal_sewer_entry_c
D:4:      nemelex_dance_club_becter
D:5:      temple_hall, first_ration
Sewer:    sewer_fruit_machine

Skill      XL: |  1  2  3  4 |
---------------+-------------+-----
Stealth        | 2 |  2.0
Dodging        | 2 |  2.4
Earth Magic    | 3 4 |  4.2
Short Blades   | 1 |  1.7
Transmutations | 1 |  1.0
Spellcasting   | |  2.9

Action                   |  1- 3 |  4- 6 || total
-------------------------+-------+-------++-------
Melee: Dagger            |    25 |    15 ||    40
 Cast: Sandblast         |    37 |    61 ||    98
       Passwall          |     1 |     1 ||     2
  Use: Scroll            |     3 |     1 ||     4
       Potion            |       |     3 ||     3
 Stab: Sleeping          |     4 |     1 ||     5
  Eat: Chunk             |       |     4 ||     4
Armor: Robe              |    12 |     4 ||    16
Dodge: Dodged            |    30 |    26 ||    56

Table legend:
 A = Spawn XP
 B = Non-spawn XP
 C = Spawn XP percentage of total XP
 D = Spawn monster count
 E = Non-spawn monster count
 F = Spawn count percentage of total count
 G = Total turns spent on level
                    A         B        C        D         E        F      G
               +---------+---------+-------+---------+---------+-------+---------
         Total |       0 |     270 |   0.0 |       0 |      54 |   0.0 |  1895
               +---------+---------+-------+---------+---------+-------+---------
           D:2 |       0 |      24 |   0.0 |       0 |       5 |   0.0 |   296
           D:3 |       0 |      68 |   0.0 |       0 |      17 |   0.0 |   546
           D:4 |       0 |      99 |   0.0 |       0 |       8 |   0.0 |   311
         Sewer |       0 |      79 |   0.0 |       0 |      24 |   0.0 |   665
               +---------+---------+-------+---------+---------+-------+---------
